 Dungeon Crawl Stone Soup version 0.22.1-6-g1668fe2 (webtiles) character file.

1361 Fang the Chopper (level 8, -8/75 HPs)
             Began as a Gargoyle Berserker on Jan 25, 2019.
             Was a Priest of Trog.
             Impaled on a porcupine's spines (14 damage)
             ... on level 8 of the Dungeon.
             The game lasted 00:05:43 (6078 turns).

Fang the Chopper (Gargoyle Berserker)               Turns: 6078, Time: 00:05:43

Health: -8/75      AC: 21    Str: 29    XL:     8   Next: 64%
Magic:  8/8        EV:  9    Int:  7    God:    Trog [***...]
Gold:   389        SH:  0    Dex:  9    Spells: 7/7 levels left

rFire    . . .     SeeInvis +   a - +0 hand axe
rCold    . . .     Gourm    .   (no shield)
rNeg     + . .     Faith    .   v - +0 plate armour
rPois    ∞         Spirit   .   (no helmet)
rElec    +         Reflect  .   r - +2 cloak {+Inv}
rCorr    .         Harm     .   (no gloves)
MR       .....                  (no boots)
Stlth    ..........             (no amulet)
HPRegen  0.22/turn              m - ring of see invisible
MPRegen  0.11/turn              D - ring of stealth

@: berserking, very quick
A: negative energy resistance 1, electricity resistance, unbreathing,
petrification resistance, rot immunity, AC +5
a: Berserk, Trog's Hand, Renounce Religion, Evoke Invisibility


You were on level 8 of the Dungeon.
You worshipped Trog.
Trog was most pleased with you.
You were very hungry.

You visited 2 branches of the dungeon, and saw 9 of its levels.
You also visited: Sewer.

You collected 389 gold pieces.

Inventory:

Hand Weapons
 a - a +0 hand axe (weapon)
Armour
 r - a +2 cloak of invisibility (worn)
 v - a +0 plate armour (worn)
Jewellery
 m - a ring of see invisible (left hand)
 D - a ring of stealth (right hand)
Wands
 t - a wand of paralysis (13)
 y - a wand of acid (5)
 A - a wand of iceblast (5)
 F - a wand of clouds (6)
Scrolls
 d - 2 scrolls of enchant armour {unknown}
 e - 2 scrolls of fog {unknown}
 f - 7 scrolls of teleportation {unknown}
 h - 3 scrolls of remove curse {unknown}
 j - 3 scrolls of amnesia {unknown}
 n - 2 scrolls of magic mapping {unknown}
 o - 3 scrolls of blinking {unknown}
 p - 2 scrolls of fear {unknown}
 u - 6 scrolls of identify {unknown}
 w - a scroll of enchant weapon {unknown}
 C - a scroll of brand weapon {unknown}
Potions
 b - 5 potions of flight {unknown}
 g - 3 potions of heal wounds {unknown}
 i - a potion of degeneration {unknown}
 k - 2 potions of lignification {unknown}
 l - a potion of resistance {unknown}
 q - a potion of brilliance {unknown}
 s - 3 potions of curing {unknown}
 x - a potion of might
 z - a potion of agility {unknown}
 B - 2 potions of haste {unknown}
 E - a potion of magic {unknown}
Comestibles
 c - 19 rations


   Skills:
 + Level 5.6 Fighting
 + Level 7.3 Axes
 + Level 5.1 Armour
 + Level 3.4 Dodging
 + Level 0.6 Stealth


You had 7 spell levels left.
You didn't know any spells.
Your spell library was empty.

Dungeon Overview and Level Annotations

Branches:
Dungeon (8/15)             Temple (1/1) D:6
   Lair: D:8-11

Altars:
Ashenzari
Fedhas
Gozag
Makhleb
Ru
Sif Muna
Uskayaw
Vehumet
Xom
The Shining One

Shops:
D:4 !


Innate Abilities, Weirdness & Mutations

You are resistant to torment.
Your stone body is resilient. (AC +5)
You are immune to poison.
You resist negative energy. (rN+)
You are resistant to electric shocks. (rElec)
You can survive without breathing.
You are immune to petrification.
You are immune to rotting.


Message History

The porcupine closely misses you. The porcupine completely misses you.
A red film seems to cover your vision as you go berserk!
You feel yourself moving faster!
You feel mighty!
You are feeling very hungry.
The porcupine bites you.
* * * LOW HITPOINT WARNING * * *
You slash the porcupine!
The porcupine is almost dead.
The porcupine bites you but does no damage.
You closely miss the porcupine.
The porcupine is almost dead.
You miss the porcupine.
The porcupine is almost dead.
The porcupine bites you but does no damage.
You hit the porcupine but do no damage.
The porcupine is almost dead.
The porcupine barely misses you.
Unknown command.
You are struck by the porcupine's spines.
You die...

##.##.##>[.##...##...##
..#.##.##...##.........#
..................>....##
.............##...##...##
<............##...##.....
...................#.....
...................#.....
...........(.......#.....
.......r@(...##...#######
##..###†....###### #
#.....# # ..P.......... #
..P.P.......... #
P................ #
.!.P.P...........
P.P.P............
####P.P..#.##...#


You could see a porcupine.

Vanquished Creatures
  A water moccasin (D:6)
  A porcupine (D:8)
  A sky beast (D:8)
  A centaur (D:8)
  2 bullfrogs
  A scorpion (D:8)
  3 wights (D:7)
  A howler monkey (D:7)
  5 crimson imps
  2 orc priests
  A bullfrog skeleton (D:7)
  An orc wizard (D:7)
  Ijyb (D:3)
  2 iguanas
  5 worker ants
  2 adders
  A shadow imp (D:6)
  An ooze (D:3)
  An adder skeleton (D:6)
  A worm (D:5)
  7 leopard geckos
  9 orcs
  2 ball pythons
  12 giant cockroaches
  12 goblins
  14 hobgoblins
  8 jackals
  2 quokkas
  15 bats
  7 frilled lizards
  9 kobolds
  9 rats
140 creatures vanquished.

Vanquished Creatures (others)
  A fungus (D:8)
  A plant (D:8)
2 creatures vanquished.

Grand Total: 142 creatures vanquished

Notes
Turn   | Place    | Note
-------+----------+-------------------------------------------
     0 | D:1      | Fang the Gargoyle Berserker began the quest for the Orb.
     0 | D:1      | Reached XP level 1. HP: 14/14 MP: 1/1
   105 | D:1      | Reached XP level 2. HP: 6/19 MP: 2/2
   476 | D:1      | Reached skill level 3 in Axes
   649 | D:1      | Reached XP level 3. HP: 24/24 MP: 3/3
   715 | D:1      | Reached ** piety under Trog
  1057 | D:2      | Found a hide-covered altar of Uskayaw.
  1098 | D:2      | Found a shattered altar of Ashenzari.
  1356 | D:2      | Reached XP level 4. HP: 29/29 MP: 4/4
  1528 | D:2      | Found a blossoming altar of Fedhas.
  1669 | D:3      | Found a glowing drain.
  1693 | Sewer    | Entered a sewer
  1825 | Sewer    | Reached XP level 5. HP: 24/33 MP: 5/5
  2314 | D:3      | Reached *** piety under Trog
  2353 | D:3      | Found a burning altar of Makhleb.
  2442 | D:3      | Found a sacrificial altar of Ru.
  2454 | D:3      | Noticed Ijyb
  2473 | D:3      | Killed Ijyb
  2915 | D:4      | Reached XP level 6. HP: 39/39 MP: 6/6
  3018 | D:4      | Found a deep blue altar of Sif Muna.
  3086 | D:4      | Found Uniynwyg's Distillery.
  3354 | D:5      | Entered Level 5 of the Dungeon
  3583 | D:5      | Reached skill level 4 in Axes
  4250 | D:6      | Found an opulent altar of Gozag.
  4461 | D:6      | Found a staircase to the Ecumenical Temple.
  4545 | Temple   | Entered the Ecumenical Temple
  4631 | D:6      | Noticed a water moccasin
  4649 | D:6      | Killed a water moccasin
  4649 | D:6      | Reached skill level 5 in Axes
  4649 | D:6      | Reached XP level 7. HP: 44/44 MP: 7/7
  5325 | D:7      | Reached skill level 5 in Fighting
  5640 | D:7      | Reached skill level 6 in Axes
  5678 | D:7      | Reached XP level 8. HP: 41/49 MP: 8/8
  5894 | D:8      | Found a shimmering altar of Xom.
  5936 | D:8      | Found a radiant altar of Vehumet.
  6006 | D:8      | Reached skill level 7 in Axes
  6071 | D:8      | Reached skill level 5 in Armour
  6078 | D:8      | Impaled on a porcupine's spines

Skill      XL: |  1  2  3  4  5  6  7  8 |
---------------+-------------------------+-----
Axes           | 3 5 6 7 |  7.3
Dodging        | 2 3 |  3.4
Fighting       | 4 5 |  5.6
Armour         | 3 4 5 |  5.1
Stealth        | |  0.6

Action                   |  1- 3 |  4- 6 |  7- 9 || total
-------------------------+-------+-------+-------++-------
Melee: Hand axe          |   145 |   407 |   225 ||   777
Invok: Berserk           |       |     2 |     2 ||     4
  Eat: Chunk             |     2 |     9 |     6 ||    17
       Ration            |       |     1 |       ||     1
Armor: Animal skin       |    40 |       |       ||    40
       Ring mail         |    27 |   133 |       ||   160
       Plate armour      |       |   164 |   177 ||   341
Dodge: Dodged            |   100 |   263 |    68 ||   431
